 Dungeon Crawl Stone Soup version 0.22.0-38-g04b72b8 (webtiles) character file.

707 Lew the Ducker (level 7, -4/60 HPs)
             Began as a Gnoll Monk on Aug 28, 2018.
             Was a Believer of Okawaru.
             Slain by an ice beast (11 damage)
             ... on level 5 of the Dungeon.
             The game lasted 00:10:46 (6009 turns).

Lew the Ducker (Gnoll Monk)                         Turns: 6009, Time: 00:10:47

Health: -4/60      AC:  7    Str: 12 (14) XL:     7   Next: 67%
Magic:  10/10      EV: 10    Int: 11 (12) God:    Okawaru [**....]
Gold:   280        SH:  0    Dex: 19      Spells: 11/11 levels left

rFire    . . .     SeeInvis .   a - +0 falchion
rCold    . . .     Gourm    .   (no shield)
rNeg     . . .     Faith    .   g - +0 scale mail
rPois    .         Spirit   .   o - +0 hat
rElec    .         Reflect  .   (no cloak)
rCorr    .         Harm     .   m - +0 pair of gloves
MR       .....                  (no boots)
Stlth    ..........             (no amulet)
HPRegen  0.20/turn              (no ring)
MPRegen  0.12/turn              (no ring)

@: very heavily drained
A: distributed training, fangs 1, strong nose
a: Heroism, Renounce Religion


You were on level 5 of the Dungeon.
You worshipped Okawaru.
Okawaru was pleased with you.
You were not hungry.

You visited 1 branch of the dungeon, and saw 5 of its levels.
You also visited: Sewer.

You collected 280 gold pieces.

Inventory:

Hand Weapons
 a - a +0 falchion (weapon)
 l - a +2 hand axe of flaming
Armour
 g - a +0 scale mail (worn)
 m - a +0 pair of gloves (worn)
 o - a +0 hat (worn)
Jewellery
 j - a +5 ring of intelligence {unknown}
Wands
 i - a wand of acid (8)
Scrolls
 d - 2 scrolls of amnesia
 e - 3 scrolls of remove curse
 h - a scroll of teleportation
 n - 2 scrolls of magic mapping
 p - 2 scrolls of identify
Potions
 b - a potion of heal wounds
 f - 9 potions of flight
 k - 2 potions of brilliance {unknown}
 q - 2 potions of lignification
Comestibles
 c - 4 rations


   Skills:
 + Level 7.1(2.2) Fighting
 + Level 2.6(0.0) Short Blades
 + Level 7.1(2.2) Long Blades
 + Level 2.6(0.0) Axes
 + Level 2.6(0.0) Maces & Flails
 + Level 2.6(0.0) Polearms
 + Level 2.6(0.0) Staves
 + Level 2.6(0.0) Slings
 + Level 2.6(0.0) Bows
 + Level 2.6(0.0) Crossbows
 + Level 2.6(0.0) Throwing
 + Level 2.6(0.0) Armour
 + Level 7.1(2.2) Dodging
 + Level 5.0(0.4) Stealth
 + Level 2.6(0.0) Shields
 + Level 2.6(0.0) Unarmed Combat
 + Level 2.6(0.0) Spellcasting
 + Level 2.1(0.0) Conjurations
 + Level 2.1(0.0) Hexes
 + Level 2.1(0.0) Charms
 + Level 2.1(0.0) Summonings
 + Level 2.1(0.0) Necromancy
 + Level 2.1(0.0) Translocations
 + Level 2.1(0.0) Transmutations
 + Level 2.1(0.0) Fire Magic
 + Level 2.1(0.0) Ice Magic
 + Level 2.1(0.0) Air Magic
 + Level 2.1(0.0) Earth Magic
 + Level 2.1(0.0) Poison Magic
 + Level 2.9(0.0) Invocations
 + Level 2.6(0.0) Evocations


You had 11 spell levels left.
You didn't know any spells.
Your spell library contained the following spells:

 Spells                   Type           Power        Failure   Level  Hunger
 Magic Dart               Conj           #...         89%         1    ##.....
 Searing Ray              Conj           #.....       96%         2    ###....
 Dazzling Spray           Conj/Hex       #.....       99%         3    ####...
 Force Lance              Conj/Tloc      #.......     100%        4    #####..
 Fulminant Prism          Conj/Hex       #.........   100%        4    #####..
 Iskenderun's Mystic Bla  Conj           #.......     100%        4    #####..
 Summon Lightning Spire   Summ/Air       #.......     100%        4    #####..
 Silence                  Hex/Air        #.........   100%        5    ######.
 Conjure Ball Lightning   Conj/Air       #.........   100%        6    #######
 Deflect Missiles         Chrm/Air       #.........   100%        6    #######
 Tornado                  Air            #.........   100%        9    #######


Dungeon Overview and Level Annotations

Branches:
Dungeon (5/15)
 Temple: D:4-7

Altars:
Dithmenos
Gozag
Nemelex Xobeh
Okawaru
Qazlal
Ru
Trog
Vehumet
Wu Jian


Innate Abilities, Weirdness & Mutations

Your experience applies equally to all skills.
You have very sharp teeth.
Your uncanny sense of smell can sniff out nearby items.


Message History

You are too injured to fight recklessly!
You are too injured to fight recklessly!
You are too injured to fight recklessly!
You are too injured to fight recklessly!
You are too injured to fight recklessly!
You are too injured to fight recklessly!
You hit the ice beast.
The ice beast is severely wounded.
The ice beast hits you but does no damage.
You hit the ice beast but do no damage.
You bite the ice beast, but do no damage.
The ice beast is severely wounded.
The ice beast hits you. The ice beast freezes you!
* * * LOW HITPOINT WARNING * * *
You hit the ice beast.
The ice beast is almost dead.
The ice beast hits you.
* * * LOW HITPOINT WARNING * * *
The ice beast freezes you!
You die...

........#...###.#.##.....?
....................._....
........#...###.#.#.......
........#..##.....>....⌠!.
......###..##.##.......$..
......###.....##........._
#......###.##.##..$?......
#......# #..#.............
#......# #[....#@....####.
######.# ##.###Y##...# #.#
#............. #.#
#..##.###..#.# #.# #..##).
...... ..# # ### ..#.##
..#.#


You could see an ice beast.

Vanquished Creatures
  A phantom (D:4)
  A big kobold (D:4)
  A scorpion (D:4)
  A water moccasin skeleton (D:4)
  A howler monkey (D:4)
  A crimson imp (D:5)
  2 hounds (D:4)
  A bullfrog skeleton (D:4)
  A killer bee zombie (D:4)
  A hound skeleton (D:4)
  A gnoll (D:1)
  4 adders
  2 river rats (D:3)
  5 oozes
  An adder skeleton (D:5)
  8 worms
  5 dart slugs
  11 leopard geckos
  10 orcs
  2 ball pythons
  5 giant cockroaches
  5 goblins
  12 hobgoblins
  6 jackals
  13 kobolds
  3 quokkas
  16 bats
  2 frilled lizards
  A quokka skeleton (D:4)
  7 rats
  A fungus (D:3)
131 creatures vanquished.

Notes
Turn   | Place    | Note
-------+----------+-------------------------------------------
     0 | D:1      | Lew the Gnoll Monk began the quest for the Orb.
     0 | D:1      | Reached XP level 1. HP: 23/23 MP: 1/1
   114 | D:1      | Reached XP level 2. HP: 27/29 MP: 2/2
   322 | D:1      | Reached XP level 3. HP: 35/35 MP: 3/3
   749 | D:1      | Reached skill level 1 in Invocations
   967 | D:2      | Found a bloodstained altar of Trog.
   967 | D:2      | Found an iron altar of Okawaru.
   975 | D:2      | Became a worshipper of Warmaster Okawaru
   975 | D:2      | Reached * piety under Okawaru
   975 | D:2      | Reached ** piety under Okawaru
  1025 | D:2      | Reached skill level 1 in Short Blades
  1025 | D:2      | Reached skill level 1 in Axes
  1025 | D:2      | Reached skill level 1 in Maces & Flails
  1025 | D:2      | Reached skill level 1 in Polearms
  1025 | D:2      | Reached skill level 1 in Staves
  1025 | D:2      | Reached skill level 1 in Slings
  1025 | D:2      | Reached skill level 1 in Bows
  1025 | D:2      | Reached skill level 1 in Crossbows
  1025 | D:2      | Reached skill level 1 in Throwing
  1025 | D:2      | Reached skill level 1 in Armour
  1025 | D:2      | Reached skill level 1 in Shields
  1025 | D:2      | Reached skill level 1 in Unarmed Combat
  1025 | D:2      | Reached skill level 1 in Spellcasting
  1025 | D:2      | Reached skill level 1 in Evocations
  1043 | D:2      | Reached XP level 4. HP: 41/41 MP: 5/5
  1242 | D:2      | Found an opulent altar of Gozag.
  1467 | D:2      | Reached skill level 1 in Conjurations
  1467 | D:2      | Reached skill level 1 in Hexes
  1467 | D:2      | Reached skill level 1 in Charms
  1467 | D:2      | Reached skill level 1 in Summonings
  1467 | D:2      | Reached skill level 1 in Necromancy
  1467 | D:2      | Reached skill level 1 in Translocations
  1467 | D:2      | Reached skill level 1 in Transmutations
  1467 | D:2      | Reached skill level 1 in Fire Magic
  1467 | D:2      | Reached skill level 1 in Ice Magic
  1467 | D:2      | Reached skill level 1 in Air Magic
  1467 | D:2      | Reached skill level 1 in Earth Magic
  1467 | D:2      | Reached skill level 1 in Poison Magic
  1858 | D:3      | Reached XP level 5. HP: 47/47 MP: 6/6
  1942 | D:3      | Found a sacrificial altar of Ru.
  1955 | D:3      | Found a glowing drain.
  2128 | Sewer    | Entered a sewer
  3821 | D:3      | Found a sparkling altar of Nemelex Xobeh.
  4041 | D:4      | Reached XP level 6. HP: 32/53 MP: 8/8
  4394 | D:4      | Noticed a phantom
  4449 | D:4      | Reached XP level 7. HP: 15/59 MP: 10/10
  4751 | D:4      | Found an iron altar of Okawaru.
  4806 | D:4      | Found a shadowy altar of Dithmenos.
  5563 | D:4      | Found an ornate altar of the Wu Jian Council.
  5846 | D:5      | Entered Level 5 of the Dungeon
  5948 | D:5      | Reached skill level 5 in Stealth
  5992 | D:5      | Found a radiant altar of Vehumet.
  5996 | D:5      | Found a stormy altar of Qazlal.
  6009 | D:5      | Slain by an ice beast

Skill      XL: |  1  2  3  4  5  6  7 |
---------------+----------------------+-----
Invocations    | 1 2 |  2.9
Short Blades   | 1 2 |  2.6
Axes           | 1 2 |  2.6
Maces & Flails | 1 2 |  2.6
Polearms       | 1 2 |  2.6
Staves         | 1 2 |  2.6
Slings         | 1 2 |  2.6
Bows           | 1 2 |  2.6
Crossbows      | 1 2 |  2.6
Throwing       | 1 2 |  2.6
Armour         | 1 2 |  2.6
Shields        | 1 2 |  2.6
Unarmed Combat | 1 2 |  2.6
Spellcasting   | 1 2 |  2.6
Evocations     | 1 2 |  2.6
Conjurations   | 1 2 |  2.1
Hexes          | 1 2 |  2.1
Charms         | 1 2 |  2.1
Summonings     | 1 2 |  2.1
Necromancy     | 1 2 |  2.1
Translocations | 1 2 |  2.1
Transmutations | 1 2 |  2.1
Fire Magic     | 1 2 |  2.1
Ice Magic      | 1 2 |  2.1
Air Magic      | 1 2 |  2.1
Earth Magic    | 1 2 |  2.1
Poison Magic   | 1 2 |  2.1
Fighting       | 7 |  7.1
Long Blades    | 7 |  7.1
Dodging        | 7 |  7.1
Stealth        | 5 |  5.0

Action                   |  1- 3 |  4- 6 |  7- 9 || total
-------------------------+-------+-------+-------++-------
Melee: Falchion          |    97 |   314 |   168 ||   579
       Bite              |    12 |    52 |    21 ||    85
       Hand axe          |       |    31 |       ||    31
       Punch             |       |     3 |       ||     3
  Use: Scroll            |     3 |     8 |     1 ||    12
       Potion            |       |     4 |     2 ||     6
 Stab: Sleeping          |     5 |     2 |       ||     7
       Distracted        |       |     1 |       ||     1
  Eat: Chunk             |       |     9 |     1 ||    10
       Ration            |       |     1 |     2 ||     3
Armor: Robe              |     3 |       |       ||     3
       Scale mail        |    21 |   101 |    62 ||   184
Dodge: Dodged            |    86 |   236 |    73 ||   395
       Rpst.: Falchion   |    25 |    69 |    18 ||   112
